[Event "WSTCC-65 2020"]
[Site "Prague"]
[Date "2020.03.12"]
[Round "7.35"]
[White "Mlynek, Petr"]
[Black "Levy, David N L"]
[Result "1/2-1/2"]
[ECO "A59"]
[WhiteElo "2053"]
[BlackElo "2310"]
[Annotator "ChessBase"]
[PlyCount "56"]
[EventDate "2020.03.06"]
[EventType "team-tourn"]
[EventCountry "CZE"]
[SourceTitle "playchess.com"]
[Source "ChessBase"]
[SourceQuality "1"]
[TimeControl "40/5400+30:1800+30"]

1. d4 Nf6 2. c4 c5 3. d5 b5 4. cxb5 a6 5. bxa6 g6 6. Nc3 Bxa6 7. Nf3 Bg7 8. e4 Bxf1 9. Kxf1 d6 10. g3 O-O 11. Kg2 Nbd7 12. a4 Qb6 13. Qe2 Rfb8 14. Nb5 Qb7 15. Bd2 Nb6 16. b3 c4 17. a5 Nbxd5 18. exd5 Qxb5 19. bxc4 Qa6 20. Rab1 Nxd5 21. Qe4 Rxb1 22. Rxb1 Nc3 23. Bxc3 Bxc3 24. Qxe7 Bxa5 25. Rb7 Qxc4 26. Qxd6 Rd8 27. Rb8 Qc7 28. Rxd8+ Qxd8 1/2-1/2

[Event "WSTCC-65 2020"]
[Site "Prague"]
[Date "2020.03.12"]
[Round "7.36"]
[White "McKerracher, Douglas"]
[Black "Fencl, Vaclav"]
[Result "1/2-1/2"]
[ECO "C41"]
[WhiteElo "1852"]
[BlackElo "1857"]
[Annotator "NA"]
[PlyCount "50"]
[EventDate "2020.03.06"]
[EventType "team-tourn"]
[EventCountry "CZE"]
[SourceTitle "playchess.com"]
[Source "ChessBase"]
[SourceQuality "1"]
[TimeControl "40/5400+30:1800+30"]

1. e4 e5 2. Nf3 d6 3. d4 Nf6 4. Nc3 Nbd7 5. Bc4 Be7 6. O-O O-O 7. Re1 c6 8. a4 Qc7 9. a5 Rb8 {[%emt 0:02:07] 9...h6 is the hot move.} 10. h3 {[%emt 0:03:43] C41: Philidor Defence.} b5 11. axb6 axb6 {[%emt 0:00:24] [#]} 12. Be3 $146 ({Predecessor:} 12. b3 b5 13. Bf1 Re8 14. Qd3 Bf8 15. Bg5 b4 16. Na4 d5 17. Nxe5 dxe4 18. Qd2 Nxe5 19. dxe5 {½-½ (45) Li,H (2193)-Wall,G (2330) Dublin 2019}) 12... b5 13. Bd3 Re8 14. Qe2 Bf8 15. dxe5 Nxe5 16. Nxe5 dxe5 17. f3 Be6 18. Ra7 Rb7 19. Rea1 $11 Reb8 20. Qf2 Rxa7 21. Rxa7 Rb7 22. Rxb7 Qxb7 23. b3 Nd7 24. Qe2 Qa8 25. Kh2 Nc5 1/2-1/2

[Event "WSTCC-65 2020"]
[Site "Prague"]
[Date "2020.03.12"]
[Round "7.39"]
[White "Jacek, Miloslav"]
[Black "Moen, Ole Christian"]
[Result "0-1"]
[ECO "C55"]
[WhiteElo "1962"]
[BlackElo "2192"]
[Annotator "ChessBase"]
[PlyCount "82"]
[EventDate "2020.03.06"]
[EventType "team-tourn"]
[EventCountry "CZE"]
[SourceTitle "playchess.com"]
[Source "ChessBase"]
[SourceQuality "1"]
[TimeControl "40/5400+30:1800+30"]

1. e4 e5 2. Nf3 Nc6 3. d4 exd4 4. Bc4 Nf6 5. e5 Ne4 6. O-O d5 7. Bb5 Bd7 8. Bxc6 bxc6 9. Nxd4 Be7 10. f3 Nc5 11. Be3 O-O 12. Nb3 Ne6 13. f4 f5 14. Nc3 h6 15. Na4 Qb8 16. c4 Qb4 17. cxd5 cxd5 18. Nac5 Nxc5 19. Nxc5 Bc6 20. Qd4 Rab8 21. b3 Rfc8 22. Rfd1 a5 23. Rac1 Ba8 24. Na6 Qxd4 25. Bxd4 Rb7 26. Nc5 Rb5 27. Ne6 c5 28. a4 Rxb3 29. Nxc5 Rb4 30. Na6 Rbc4 31. Be3 Bb7 32. Rxc4 Rxc4 33. Nb8 Rxa4 34. Nd7 Ra2 35. Rb1 Bc6 36. e6 Re2 37. Rb8+ Kh7 38. Re8 d4 39. Rxe7 dxe3 40. Kf1 Rf2+ 41. Ke1 Bb5 0-1

[Event "WSTCC-65 2020"]
[Site "Prague"]
[Date "2020.03.12"]
[Round "7.40"]
[White "Kristiansen, Erling"]
[Black "Hnat, Zdenek"]
[Result "1/2-1/2"]
[ECO "D02"]
[WhiteElo "2123"]
[BlackElo "1802"]
[Annotator "ChessBase"]
[PlyCount "72"]
[EventDate "2020.03.06"]
[EventType "team-tourn"]
[EventCountry "CZE"]
[SourceTitle "playchess.com"]
[Source "ChessBase"]
[SourceQuality "1"]
[TimeControl "40/5400+30:1800+30"]

1. d4 d5 2. Nf3 e6 3. c4 c5 4. cxd5 exd5 5. g3 Nf6 6. Bg2 Nc6 7. O-O Be6 8. Nc3 Be7 9. h3 Qd7 10. Kh2 O-O 11. Be3 b6 12. Rc1 Rac8 13. b3 Rfd8 14. Qd2 Ne4 15. Qb2 Bf6 16. Rfd1 cxd4 17. Nxd4 Nxd4 18. Bxd4 Bxd4 19. Rxd4 Nxf2 20. e4 Nxh3 21. Nxd5 Kh8 22. Rxc8 Qxc8 23. Bxh3 Bxh3 24. Nxb6 axb6 25. Rxd8+ Qxd8 26. Kxh3 Qd3 27. Qc1 g6 28. Qf4 Kg7 29. e5 Qd7+ 30. Kh2 Qc6 31. Qd4 Qc2+ 32. Kh3 Qf5+ 33. Kg2 Qc2+ 34. Qf2 Qe4+ 35. Kh2 b5 36. Qf6+ Kg8 1/2-1/2

[Event "WSTCC-65 2020"]
[Site "Prague"]
[Date "2020.03.12"]
[Round "7.47"]
[White "Kierzek, Mira"]
[Black "Olsson, Torgny"]
[Result "1-0"]
[ECO "A57"]
[WhiteElo "1983"]
[BlackElo "1800"]
[Annotator "ChessBase"]
[PlyCount "49"]
[EventDate "2020.03.06"]
[EventType "team-tourn"]
[EventCountry "CZE"]
[SourceTitle "playchess.com"]
[Source "ChessBase"]
[SourceQuality "1"]
[TimeControl "40/5400+30:1800+30"]

1. d4 Nf6 2. c4 c5 3. d5 b5 4. cxb5 a6 5. e3 g6 6. Nc3 d6 7. Nf3 Bg7 8. Bc4 O-O 9. O-O Nbd7 10. bxa6 Bxa6 11. Bxa6 Rxa6 12. e4 Qa8 13. a3 Rb8 14. Rb1 Ng4 15. Bg5 f6 16. Bf4 g5 17. Nxg5 fxg5 18. Qxg4 Nf6 19. Qe6+ Kh8 20. Bxg5 Re8 21. Ne2 Rb6 22. Ng3 h6 23. Bd2 Qb8 24. Bc3 Rb3 25. Nf5 1-0